[ AOE2 MATCH · #470804015 ]
UnrankedCumans vs Romans
Player's team · LOSS
[ REPLAY ANALYSIS · EXTRACTED FROM THE RECORDED GAME ]
Feudal
12:09
Castle
16:19
Imperial
—
| APM avg | 20.2 |
| APM peak | 44 |
| eAPM avg | 13.2 |
| Villagers / military | 55 / 0 |
Focus
⚔️ 22.4% · 🌾 77.6%
Feudal
11:17
Castle
19:41
Imperial
—
| APM avg | 46.4 |
| APM peak | 114 |
| eAPM avg | 21.3 |
| Villagers / military | 63 / 0 |
Focus
⚔️ 17.9% · 🌾 82.1%
Feudal
13:10
Castle
—
Imperial
—
| APM avg | 39.5 |
| APM peak | 66 |
| eAPM avg | 21.2 |
| Villagers / military | 54 / 0 |
Focus
⚔️ 9.4% · 🌾 90.6%
Feudal
12:16
Castle
15:46
Imperial
—
| APM avg | 44.0 |
| APM peak | 86 |
| eAPM avg | 29.2 |
| Villagers / military | 33 / 4 |
Focus
⚔️ 70.3% · 🌾 29.7%
Fishing Ship ×12 · Monk ×2 · Knight ×2
Feudal
11:03
Castle
15:13
Imperial
—
| APM avg | 27.1 |
| APM peak | 60 |
| eAPM avg | 14.6 |
| Villagers / military | 59 / 2 |
Focus
⚔️ 12.5% · 🌾 87.5%
Knight ×2
Feudal
9:15
Castle
—
Imperial
—
| APM avg | 52.3 |
| APM peak | 73 |
| eAPM avg | 20.5 |
| Villagers / military | 50 / 25 |
Focus
⚔️ 31.4% · 🌾 68.6%
Archer ×16 · Fishing Ship ×9 · Militia ×8 · Transport Ship ×1
Feudal
11:30
Castle
15:22
Imperial
—
| APM avg | 37.3 |
| APM peak | 113 |
| eAPM avg | 13.1 |
| Villagers / military | 46 / 16 |
Focus
⚔️ 30.1% · 🌾 69.9%
Knight ×16 · Fishing Ship ×4
Feudal
12:19
Castle
15:58
Imperial
—
| APM avg | 40.1 |
| APM peak | 77 |
| eAPM avg | 24.0 |
| Villagers / military | 102 / 0 |
Focus
⚔️ 24.8% · 🌾 75.2%
Match map
Initial resources + every placement click. Lines = walls · curves = elevation contours. ◆ gold · ⬟ stone · ● berries · ✦ relic · ◌ wall gap
Inputs per minute
— Raymond - - Violet Ania
Build order — Raymond
101 actions detected in the replay
| 0:03 | Build | House |
| 0:05 | Build | House |
| 0:45 | Create | Villager (Male) |
| 0:45 | Create | Villager (Male) |
| 0:45 | Create | Villager (Male) |
| 0:46 | Create | Villager (Male) |
| 0:46 | Create | Villager (Male) |
| 0:46 | Create | Villager (Male) |
| 2:04 | Create | Villager (Male) |
| 2:04 | Create | Villager (Male) |
| 2:22 | Build | Palisade Wall |
| 3:02 | Research | Loom |
| 3:24 | Build | Palisade Wall |
| 3:27 | Build | Palisade Wall |
| 3:41 | Create | Villager (Male) |
| 4:00 | Build | Lumber Camp |
| 4:05 | Create | Villager (Male) |
| 4:05 | Create | Villager (Male) |
| 4:49 | Create | Villager (Male) |
| 4:50 | Create | Villager (Male) |
| 5:06 | Create | Villager (Male) |
| 5:06 | Create | Villager (Male) |
| 5:23 | Create | Villager (Male) |
| 5:36 | Create | Villager (Male) |
| 5:57 | Build | House |
| 6:38 | Create | Villager (Male) |
| 6:38 | Create | Villager (Male) |
| 6:38 | Create | Villager (Male) |
| 6:39 | Create | Villager (Male) |
| 7:11 | Create | Villager (Male) |
| 7:32 | Build | House |
| 7:35 | Build | Mill |
| 7:45 | Create | Villager (Male) |
| 8:44 | Create | Villager (Male) |
| 8:53 | Create | Villager (Male) |
| 9:19 | Create | Villager (Male) |
| 9:39 | Build | Mining Camp |
| 9:53 | Research | Feudal Age |
| 9:54 | Research | Feudal Age |
| 11:46 | Create | Villager (Male) |
| 11:46 | Create | Villager (Male) |
| 12:09 | Age | Feudal Age |
| 12:13 | Build | Market |
| 12:52 | Build | Blacksmith |
| 13:39 | Research | Castle Age |
| 13:40 | Research | Castle Age |
| 13:40 | Research | Castle Age |
| 13:52 | Build | Farm |
| 14:22 | Build | Farm |
| 14:57 | Research | Double-Bit Axe |
| 15:03 | Build | Farm |
| 15:23 | Create | Villager (Male) |
| 15:27 | Build | Farm |
| 15:40 | Build | House |
| 15:52 | Build | House |
| 15:55 | Create | Villager (Male) |
| 16:19 | Age | Castle Age |
| 16:49 | Build | Town Center |
| 17:00 | Create | Villager (Male) |
| 17:03 | Build | Farm |
| 17:11 | Create | Villager (Male) |
| 17:20 | Build | Farm |
| 17:24 | Create | Villager (Male) |
| 17:37 | Create | Villager (Male) |
| 17:43 | Build | Farm |
| 17:53 | Create | Villager (Male) |
| 17:53 | Create | Villager (Male) |
| 17:53 | Create | Villager (Male) |
| 17:54 | Create | Villager (Male) |
| 18:09 | Build | Farm |
| 18:15 | Create | Villager (Male) |
| 18:15 | Create | Villager (Male) |
| 18:34 | Build | Farm |
| 18:35 | Create | Villager (Male) |
| 18:50 | Create | Villager (Male) |
| 18:50 | Create | Villager (Male) |
| 18:53 | Build | Farm |
| 19:17 | Build | House |
| 19:21 | Create | Villager (Male) |
| 19:26 | Build | Farm |
| 19:33 | Create | Villager (Male) |
| 19:51 | Build | Farm |
| 20:02 | Build | Town Center |
| 20:09 | Build | House |
| 20:11 | Build | House |
| 20:11 | Build | House |
| 20:19 | Create | Villager (Male) |
| 20:19 | Create | Villager (Male) |
| 20:19 | Create | Villager (Male) |
| 20:39 | Build | Watch Tower |
| 20:47 | Create | Villager (Male) |
| 20:48 | Create | Villager (Male) |
| 20:48 | Create | Villager (Male) |
| 20:54 | Create | Villager (Male) |
| 20:56 | Build | Farm |
| 21:10 | Research | Horse Collar |
| 21:11 | Create | Villager (Male) |
| 21:12 | Create | Villager (Male) |
| 21:12 | Create | Villager (Male) |
| 21:16 | Build | Farm |
| 21:29 | Build | Farm |
Build order — Violet Ania
108 actions detected in the replay
| 0:01 | Create | Villager (Male) |
| 0:02 | Build | House |
| 0:04 | Build | House |
| 0:04 | Create | Villager (Male) |
| 0:06 | Create | Villager (Male) |
| 0:06 | Create | Villager (Male) |
| 0:06 | Create | Villager (Male) |
| 0:10 | Research | Loom |
| 0:11 | Create | Villager (Male) |
| 0:17 | Create | Villager (Male) |
| 0:31 | Create | Villager (Male) |
| 1:00 | Build | Palisade Wall |
| 1:52 | Build | Palisade Wall |
| 2:06 | Create | Villager (Male) |
| 2:06 | Create | Villager (Male) |
| 2:06 | Create | Villager (Male) |
| 2:18 | Create | Villager (Male) |
| 2:18 | Create | Villager (Male) |
| 2:59 | Create | Villager (Male) |
| 3:00 | Create | Villager (Male) |
| 3:11 | Build | Lumber Camp |
| 3:22 | Build | Palisade Wall |
| 3:26 | Create | Villager (Male) |
| 3:34 | Create | Villager (Male) |
| 3:34 | Create | Villager (Male) |
| 4:31 | Create | Villager (Male) |
| 4:32 | Create | Villager (Male) |
| 5:13 | Create | Villager (Male) |
| 5:16 | Build | Palisade Wall |
| 5:18 | Build | Palisade Wall |
| 5:22 | Create | Villager (Male) |
| 5:22 | Create | Villager (Male) |
| 5:23 | Create | Villager (Male) |
| 5:30 | Build | House |
| 5:50 | Create | Villager (Male) |
| 5:50 | Create | Villager (Male) |
| 5:57 | Create | Villager (Male) |
| 5:57 | Create | Villager (Male) |
| 6:19 | Create | Villager (Male) |
| 6:19 | Create | Villager (Male) |
| 7:01 | Create | Villager (Male) |
| 7:02 | Create | Villager (Male) |
| 7:20 | Create | Villager (Male) |
| 7:20 | Create | Villager (Male) |
| 7:59 | Build | Mill |
| 8:00 | Create | Villager (Male) |
| 8:29 | Build | House |
| 8:58 | Research | Feudal Age |
| 9:00 | Create | Villager (Male) |
| 9:00 | Create | Villager (Male) |
| 9:23 | Create | Villager (Male) |
| 9:23 | Create | Villager (Male) |
| 10:10 | Create | Villager (Male) |
| 10:11 | Create | Villager (Male) |
| 10:18 | Build | Mining Camp |
| 10:45 | Create | Villager (Male) |
| 10:46 | Create | Villager (Male) |
| 11:17 | Age | Feudal Age |
| 11:20 | Create | Villager (Male) |
| 11:27 | Build | Stone Wall |
| 11:34 | Build | Stone Wall |
| 11:38 | Create | Villager (Male) |
| 11:38 | Create | Villager (Male) |
| 11:44 | Research | Town Watch |
| 11:48 | Create | Villager (Male) |
| 11:49 | Create | Villager (Male) |
| 12:01 | Build | Market |
| 12:15 | Build | Outpost |
| 12:26 | Build | Outpost |
| 12:45 | Build | Blacksmith |
| 12:48 | Create | Villager (Male) |
| 13:19 | Build | Farm |
| 13:19 | Build | Farm |
| 13:19 | Build | Farm |
| 13:20 | Build | Farm |
| 13:20 | Build | Farm |
| 13:29 | Build | Farm |
| 13:30 | Create | Villager (Male) |
| 13:43 | Build | House |
| 13:45 | Build | House |
| 13:54 | Create | Villager (Male) |
| 13:54 | Create | Villager (Male) |
| 14:57 | Build | Farm |
| 14:57 | Build | Farm |
| 14:58 | Build | Farm |
| 15:15 | Create | Villager (Male) |
| 15:19 | Build | Farm |
| 15:23 | Create | Villager (Male) |
| 16:36 | Create | Villager (Male) |
| 16:36 | Create | Villager (Male) |
| 16:38 | Build | Farm |
| 16:46 | Research | Castle Age |
| 17:00 | Build | Mining Camp |
| 19:37 | Create | Villager (Male) |
| 19:41 | Age | Castle Age |
| 19:44 | Build | Town Center |
| 19:45 | Create | Villager (Male) |
| 19:45 | Create | Villager (Male) |
| 19:52 | Build | Town Center |
| 19:54 | Research | Double-Bit Axe |
| 19:56 | Research | Horse Collar |
| 19:57 | Research | Wheelbarrow |
| 20:34 | Create | Villager (Male) |
| 20:34 | Create | Villager (Male) |
| 20:46 | Create | Villager (Male) |
| 20:47 | Create | Villager (Male) |
| 21:09 | Build | Lumber Camp |
| 21:13 | Build | Siege Workshop |
Build order — Buttspock Official
125 actions detected in the replay
| 0:02 | Build | House |
| 0:04 | Build | House |
| 0:05 | Research | Loom |
| 0:05 | Create | Villager (Male) |
| 0:06 | Create | Villager (Male) |
| 0:06 | Create | Villager (Male) |
| 0:06 | Create | Villager (Male) |
| 0:06 | Create | Villager (Male) |
| 0:07 | Create | Villager (Male) |
| 1:08 | Build | Palisade Wall |
| 2:07 | Build | Palisade Wall |
| 2:09 | Build | Palisade Wall |
| 2:16 | Create | Villager (Male) |
| 2:16 | Create | Villager (Male) |
| 2:54 | Create | Villager (Male) |
| 2:54 | Create | Villager (Male) |
| 3:30 | Create | Villager (Male) |
| 3:30 | Create | Villager (Male) |
| 3:46 | Create | Villager (Male) |
| 4:10 | Build | Lumber Camp |
| 4:17 | Create | Villager (Male) |
| 4:18 | Create | Villager (Male) |
| 4:38 | Create | Villager (Male) |
| 4:38 | Create | Villager (Male) |
| 5:12 | Create | Villager (Male) |
| 5:12 | Create | Villager (Male) |
| 5:36 | Create | Villager (Male) |
| 5:37 | Create | Villager (Male) |
| 6:07 | Create | Villager (Male) |
| 6:08 | Create | Villager (Male) |
| 6:11 | Build | House |
| 7:08 | Create | Villager (Male) |
| 7:08 | Create | Villager (Male) |
| 7:09 | Create | Villager (Male) |
| 7:09 | Create | Villager (Male) |
| 7:09 | Create | Villager (Male) |
| 7:22 | Build | House |
| 7:24 | Build | House |
| 7:24 | Build | House |
| 7:24 | Build | House |
| 8:20 | Create | Villager (Male) |
| 8:46 | Build | Mill |
| 9:21 | Create | Villager (Male) |
| 9:33 | Create | Villager (Male) |
| 9:58 | Create | Villager (Male) |
| 10:52 | Build | House |
| 10:54 | Build | House |
| 11:00 | Research | Feudal Age |
| 11:15 | Build | House |
| 11:32 | Build | House |
| 11:36 | Build | House |
| 11:54 | Create | Villager (Male) |
| 11:54 | Create | Villager (Male) |
| 12:29 | Create | Villager (Male) |
| 12:57 | Build | Farm |
| 12:58 | Build | Farm |
| 12:59 | Build | Farm |
| 12:59 | Build | Farm |
| 12:59 | Build | Farm |
| 12:59 | Build | Farm |
| 13:00 | Build | Farm |
| 13:01 | Build | Farm |
| 13:01 | Build | Farm |
| 13:02 | Build | Farm |
| 13:02 | Build | Farm |
| 13:10 | Age | Feudal Age |
| 13:16 | Build | Watch Tower |
| 13:21 | Create | Villager (Male) |
| 13:25 | Build | Stone Wall |
| 13:28 | Build | Stone Wall |
| 13:59 | Research | Double-Bit Axe |
| 14:07 | Create | Villager (Male) |
| 14:25 | Create | Villager (Male) |
| 14:33 | Build | House |
| 14:49 | Create | Villager (Male) |
| 14:54 | Build | Lumber Camp |
| 15:04 | Create | Villager (Male) |
| 15:43 | Build | Farm |
| 15:46 | Create | Villager (Male) |
| 16:07 | Build | Mining Camp |
| 16:12 | Create | Villager (Male) |
| 16:20 | Research | Horse Collar |
| 16:47 | Create | Villager (Male) |
| 16:52 | Create | Villager (Male) |
| 17:03 | Build | Farm |
| 17:16 | Build | Stone Wall |
| 17:21 | Create | Villager (Male) |
| 17:26 | Create | Villager (Male) |
| 17:34 | Build | Market |
| 17:37 | Build | Blacksmith |
| 17:47 | Build | House |
| 17:48 | Build | House |
| 17:49 | Build | House |
| 17:56 | Build | Mining Camp |
| 18:02 | Build | Stone Wall |
| 18:09 | Create | Villager (Male) |
| 18:23 | Build | Stone Wall |
| 18:39 | Create | Villager (Male) |
| 18:53 | Build | Farm |
| 19:08 | Build | Stone Wall |
| 19:11 | Build | Stone Wall |
| 19:15 | Create | Villager (Male) |
| 19:41 | Build | Farm |
| 19:51 | Create | Villager (Male) |
| 19:52 | Create | Villager (Male) |
| 19:57 | Build | Farm |
| 20:00 | Research | Fletching |
| 20:01 | Research | Padded Archer Armor |
| 20:07 | Build | Stone Wall |
| 20:14 | Build | Stone Wall |
| 20:18 | Build | Stone Wall |
| 20:22 | Create | Villager (Male) |
| 20:30 | Build | Farm |
| 20:30 | Build | Farm |
| 20:30 | Build | Farm |
| 20:30 | Build | Farm |
| 20:31 | Build | Farm |
| 20:31 | Build | Farm |
| 20:31 | Build | Farm |
| 20:32 | Build | Farm |
| 20:32 | Build | Farm |
| 20:32 | Build | Farm |
| 20:59 | Build | Farm |
| 21:04 | Create | Villager (Male) |
| 21:16 | Create | Villager (Male) |
Build order — Prince <3
80 actions detected in the replay
| 0:01 | Create | Villager (Male) ×4 |
| 0:02 | Build | House |
| 0:03 | Build | House |
| 1:13 | Create | Villager (Male) |
| 2:02 | Build | Lumber Camp |
| 2:05 | Create | Villager (Male) |
| 2:27 | Create | Villager (Male) |
| 2:49 | Create | Villager (Male) |
| 3:18 | Create | Villager (Male) |
| 3:47 | Create | Villager (Male) |
| 3:50 | Build | House |
| 4:14 | Build | Dock |
| 4:22 | Create | Villager (Male) |
| 4:49 | Create | Villager (Male) |
| 5:05 | Create | Villager (Male) |
| 5:35 | Create | Villager (Male) |
| 5:50 | Create | Fishing Ship |
| 5:54 | Build | House |
| 5:55 | Build | House |
| 6:05 | Create | Villager (Male) |
| 6:22 | Create | Villager (Male) |
| 6:31 | Create | Fishing Ship |
| 6:37 | Build | Dock |
| 6:44 | Create | Villager (Male) |
| 7:10 | Create | Villager (Male) |
| 7:20 | Build | House |
| 7:21 | Build | House |
| 7:27 | Create | Villager (Male) |
| 7:34 | Create | Fishing Ship |
| 7:35 | Create | Fishing Ship |
| 7:38 | Create | Villager (Male) |
| 8:13 | Create | Fishing Ship |
| 8:13 | Create | Fishing Ship |
| 8:24 | Create | Villager (Male) |
| 8:26 | Build | Mill |
| 8:37 | Create | Villager (Male) |
| 8:37 | Create | Villager (Male) |
| 8:56 | Create | Fishing Ship |
| 8:59 | Create | Fishing Ship |
| 10:06 | Research | Feudal Age |
| 10:37 | Create | Villager (Male) |
| 10:37 | Create | Villager (Male) |
| 10:46 | Create | Fishing Ship |
| 10:46 | Create | Fishing Ship |
| 10:46 | Create | Fishing Ship |
| 10:46 | Create | Fishing Ship |
| 11:46 | Build | House |
| 11:58 | Build | Barracks |
| 12:16 | Age | Feudal Age |
| 12:17 | Build | Market |
| 12:19 | Build | Blacksmith |
| 12:42 | Build | Fish Trap |
| 13:01 | Research | Castle Age |
| 13:42 | Build | Stable |
| 13:56 | Build | Mining Camp |
| 14:13 | Research | Double-Bit Axe |
| 14:29 | Build | Fish Trap |
| 14:42 | Build | Fish Trap |
| 15:09 | Build | House |
| 15:11 | Create | Villager (Male) |
| 15:43 | Build | Fish Trap |
| 15:44 | Build | Fish Trap |
| 15:46 | Age | Castle Age |
| 15:49 | Create | Knight |
| 16:03 | Create | Villager (Male) |
| 16:13 | Create | Knight |
| 16:43 | Build | House |
| 16:48 | Build | Fish Trap |
| 17:50 | Create | Villager (Male) |
| 17:51 | Create | Villager (Male) |
| 18:54 | Build | Monastery |
| 19:37 | Build | Fish Trap |
| 19:48 | Create | Monk |
| 19:55 | Create | Villager (Male) |
| 20:07 | Build | Fish Trap |
| 20:11 | Create | Villager (Male) |
| 20:25 | Build | House |
| 20:28 | Create | Monk |
| 21:11 | Create | Villager (Male) |
| 21:11 | Create | Villager (Male) |
Build order — SilkSquid
125 actions detected in the replay
| 0:02 | Build | House |
| 0:03 | Build | House |
| 0:04 | Create | Villager (Male) |
| 0:04 | Create | Villager (Male) |
| 0:04 | Create | Villager (Male) |
| 0:11 | Create | Villager (Male) |
| 1:34 | Create | Villager (Male) |
| 1:48 | Build | Lumber Camp |
| 1:51 | Create | Villager (Male) |
| 2:21 | Create | Villager (Male) |
| 2:38 | Create | Villager (Male) |
| 3:13 | Create | Villager (Male) |
| 3:21 | Create | Villager (Male) |
| 3:58 | Build | House |
| 4:09 | Build | Mill |
| 4:18 | Create | Villager (Male) |
| 4:41 | Create | Villager (Male) |
| 4:41 | Create | Villager (Male) |
| 5:10 | Build | House |
| 5:28 | Create | Villager (Male) |
| 5:50 | Create | Villager (Male) |
| 5:50 | Create | Villager (Male) |
| 5:59 | Create | Villager (Male) |
| 5:59 | Create | Villager (Male) |
| 6:16 | Create | Villager (Male) |
| 7:06 | Create | Villager (Male) |
| 7:06 | Create | Villager (Male) |
| 7:31 | Create | Villager (Male) |
| 7:42 | Build | Mining Camp |
| 8:09 | Research | Loom |
| 8:12 | Create | Villager (Male) |
| 8:42 | Research | Feudal Age |
| 8:49 | Research | Loom |
| 9:51 | Create | Villager (Male) |
| 10:01 | Build | House |
| 10:24 | Build | Farm |
| 10:40 | Build | Farm |
| 10:41 | Build | Farm |
| 11:03 | Age | Feudal Age |
| 11:07 | Build | Blacksmith |
| 11:12 | Build | Market |
| 11:37 | Create | Villager (Male) |
| 12:33 | Research | Castle Age |
| 12:33 | Research | Castle Age |
| 13:51 | Research | Double-Bit Axe |
| 15:12 | Build | Palisade Wall |
| 15:13 | Age | Castle Age |
| 15:17 | Build | Palisade Gate |
| 15:23 | Build | Town Center |
| 15:41 | Create | Villager (Male) |
| 15:42 | Create | Villager (Male) |
| 15:47 | Build | Town Center |
| 15:49 | Create | Villager (Male) |
| 16:08 | Create | Villager (Male) |
| 16:25 | Create | Villager (Male) |
| 16:26 | Create | Villager (Male) |
| 16:38 | Build | Stone Wall |
| 16:51 | Build | Barracks |
| 16:55 | Create | Villager (Male) |
| 16:56 | Create | Villager (Male) |
| 16:56 | Create | Villager (Male) |
| 16:59 | Create | Villager (Male) |
| 17:00 | Create | Villager (Male) |
| 17:03 | Research | Bow Saw |
| 17:07 | Build | Farm |
| 17:18 | Build | Farm |
| 17:31 | Create | Villager (Male) |
| 17:31 | Create | Villager (Male) |
| 17:32 | Create | Villager (Male) |
| 17:34 | Build | Farm |
| 17:38 | Create | Villager (Male) |
| 17:55 | Build | Farm |
| 17:58 | Build | Farm |
| 18:15 | Build | Farm |
| 18:16 | Create | Villager (Male) |
| 18:26 | Build | House |
| 18:27 | Build | House |
| 18:47 | Build | Stable |
| 18:50 | Build | House |
| 18:52 | Create | Villager (Male) |
| 18:53 | Create | Villager (Male) |
| 18:57 | Build | Farm |
| 18:57 | Build | Farm |
| 18:57 | Build | Farm |
| 18:58 | Build | Farm |
| 18:58 | Build | Farm |
| 18:58 | Build | Farm |
| 19:18 | Build | House |
| 19:23 | Build | Farm |
| 19:25 | Create | Villager (Male) |
| 19:27 | Build | Farm |
| 19:27 | Build | Farm |
| 19:28 | Build | Farm |
| 19:33 | Create | Villager (Male) |
| 19:34 | Create | Villager (Male) |
| 19:40 | Create | Knight |
| 19:44 | Build | Farm |
| 19:49 | Build | Farm |
| 19:56 | Build | Farm |
| 19:57 | Create | Villager (Male) |
| 20:07 | Build | Farm |
| 20:13 | Create | Villager (Male) |
| 20:17 | Create | Villager (Male) |
| 20:17 | Create | Villager (Male) |
| 20:24 | Build | Farm |
| 20:25 | Build | Farm |
| 20:25 | Build | Farm |
| 20:25 | Build | Farm |
| 20:25 | Build | Farm |
| 20:28 | Create | Knight |
| 20:29 | Create | Villager (Male) |
| 20:32 | Build | Farm |
| 20:37 | Create | Villager (Male) |
| 20:49 | Create | Villager (Male) |
| 20:59 | Build | Farm |
| 20:59 | Create | Villager (Male) |
| 21:02 | Build | Farm |
| 21:03 | Create | Villager (Male) |
| 21:07 | Build | Farm |
| 21:08 | Create | Villager (Male) |
| 21:11 | Build | Farm |
| 21:20 | Build | Farm |
| 21:22 | Create | Villager (Male) |
| 21:30 | Create | Villager (Male) |
| 21:31 | Create | Villager (Male) |
Build order — tftnadi
137 actions detected in the replay
| 0:02 | Create | Villager (Male) |
| 0:02 | Create | Villager (Male) |
| 0:03 | Build | House |
| 0:04 | Build | House |
| 0:09 | Create | Villager (Male) |
| 0:10 | Create | Villager (Male) |
| 0:33 | Create | Villager (Male) |
| 0:37 | Create | Villager (Male) |
| 0:38 | Create | Villager (Male) |
| 1:25 | Create | Villager (Male) |
| 1:51 | Build | Lumber Camp |
| 1:52 | Create | Villager (Male) |
| 2:26 | Create | Villager (Male) |
| 2:42 | Create | Villager (Male) |
| 3:19 | Create | Villager (Male) |
| 3:44 | Create | Villager (Male) |
| 4:15 | Create | Villager (Male) |
| 4:15 | Create | Villager (Male) |
| 4:20 | Build | House |
| 4:39 | Create | Villager (Male) |
| 4:40 | Create | Villager (Male) |
| 5:02 | Create | Villager (Male) |
| 5:23 | Build | House |
| 5:26 | Create | Villager (Male) |
| 5:29 | Create | Villager (Male) |
| 6:11 | Create | Villager (Male) |
| 6:38 | Research | Loom |
| 7:26 | Create | Villager (Male) |
| 7:28 | Build | Mining Camp |
| 7:43 | Build | Mill |
| 7:57 | Research | Feudal Age |
| 8:05 | Build | Barracks |
| 8:49 | Build | House |
| 9:05 | Create | Militia |
| 9:05 | Create | Militia |
| 9:05 | Create | Militia |
| 9:13 | Build | House |
| 9:15 | Age | Feudal Age |
| 9:17 | Create | Villager (Male) |
| 9:17 | Create | Villager (Male) |
| 9:24 | Build | Archery Range |
| 9:40 | Create | Villager (Male) |
| 9:55 | Create | Villager (Male) |
| 10:16 | Research | Man-at-Arms (upgrade) |
| 10:16 | Research | Man-at-Arms (upgrade) |
| 10:20 | Create | Archer |
| 10:20 | Create | Archer |
| 10:21 | Build | House |
| 10:25 | Create | Villager (Male) |
| 10:43 | Build | House |
| 10:44 | Build | House |
| 10:50 | Create | Villager (Male) |
| 10:51 | Create | Villager (Male) |
| 11:15 | Create | Archer |
| 11:28 | Create | Villager (Male) |
| 11:33 | Build | Blacksmith |
| 12:00 | Create | Archer |
| 12:01 | Create | Villager (Male) |
| 12:36 | Create | Archer |
| 12:49 | Create | Militia |
| 12:49 | Create | Militia |
| 12:56 | Research | Fletching |
| 12:57 | Build | House |
| 12:58 | Create | Villager (Male) |
| 12:58 | Create | Villager (Male) |
| 13:18 | Create | Archer |
| 13:18 | Create | Archer |
| 13:37 | Build | House |
| 13:38 | Build | House |
| 13:44 | Create | Militia |
| 13:48 | Research | Arson |
| 13:48 | Research | Arson |
| 13:50 | Create | Villager (Male) |
| 14:18 | Create | Villager (Male) |
| 14:20 | Create | Archer |
| 14:20 | Create | Archer |
| 14:23 | Build | Lumber Camp |
| 14:32 | Create | Villager (Male) |
| 14:45 | Create | Archer |
| 14:46 | Create | Villager (Male) |
| 15:45 | Create | Archer |
| 15:46 | Create | Archer |
| 16:02 | Create | Archer |
| 16:04 | Create | Villager (Male) |
| 16:14 | Create | Villager (Male) |
| 16:21 | Create | Militia |
| 16:21 | Create | Militia |
| 17:00 | Create | Villager (Male) |
| 17:05 | Build | Stone Wall |
| 17:15 | Create | Villager (Male) |
| 17:16 | Build | Farm |
| 17:16 | Build | Farm |
| 17:16 | Build | Farm |
| 17:17 | Build | Farm |
| 17:17 | Build | Farm |
| 17:17 | Build | Farm |
| 17:17 | Build | Farm |
| 17:18 | Build | Farm |
| 17:18 | Build | Farm |
| 17:22 | Build | Dock |
| 17:23 | Build | Dock |
| 17:49 | Create | Archer |
| 18:09 | Build | Farm |
| 18:10 | Create | Villager (Male) |
| 18:12 | Create | Fishing Ship |
| 18:18 | Build | Dock |
| 18:20 | Create | Villager (Male) |
| 18:23 | Build | Farm |
| 18:27 | Build | Farm |
| 18:28 | Build | Farm |
| 18:40 | Create | Archer |
| 18:40 | Create | Archer |
| 18:49 | Build | Stone Wall |
| 18:54 | Build | Building 665 |
| 18:56 | Research | Tech 906 |
| 18:57 | Create | Fishing Ship |
| 19:03 | Create | Transport Ship |
| 19:05 | Create | Fishing Ship |
| 19:06 | Create | Villager (Male) |
| 19:06 | Create | Villager (Male) |
| 19:18 | Create | Fishing Ship |
| 19:19 | Create | Fishing Ship |
| 19:20 | Create | Villager (Male) |
| 19:35 | Build | House |
| 19:38 | Build | House |
| 19:56 | Build | Stone Wall |
| 20:15 | Build | Stone Wall |
| 20:16 | Build | Stone Wall |
| 20:18 | Create | Villager (Male) |
| 20:18 | Create | Villager (Male) |
| 20:26 | Build | Market |
| 21:29 | Create | Fishing Ship |
| 21:29 | Create | Fishing Ship |
| 21:30 | Create | Fishing Ship |
| 21:30 | Create | Fishing Ship |
| 21:30 | Create | Villager (Male) |
| 21:31 | Create | Villager (Male) |
Build order — M57
109 actions detected in the replay
| 0:02 | Create | Villager (Male) |
| 0:03 | Build | House |
| 0:04 | Build | House |
| 0:05 | Create | Villager (Male) |
| 0:05 | Create | Villager (Male) |
| 0:05 | Create | Villager (Male) |
| 0:06 | Create | Villager (Male) |
| 0:06 | Create | Villager (Male) |
| 1:30 | Create | Villager (Male) |
| 1:30 | Create | Villager (Male) |
| 1:30 | Create | Villager (Male) |
| 1:52 | Create | Villager (Male) |
| 1:53 | Create | Villager (Male) |
| 2:02 | Build | Lumber Camp |
| 2:35 | Create | Villager (Male) |
| 2:35 | Create | Villager (Male) |
| 3:19 | Create | Villager (Male) |
| 3:20 | Create | Villager (Male) |
| 3:46 | Create | Villager (Male) |
| 3:46 | Create | Villager (Male) |
| 3:46 | Create | Villager (Male) |
| 4:00 | Build | House |
| 4:15 | Create | Villager (Male) |
| 4:16 | Create | Villager (Male) |
| 4:33 | Create | Villager (Male) |
| 4:34 | Create | Villager (Male) |
| 4:59 | Create | Villager (Male) |
| 5:00 | Create | Villager (Male) |
| 5:00 | Create | Villager (Male) |
| 5:13 | Create | Villager (Male) |
| 5:13 | Create | Villager (Male) |
| 5:39 | Create | Villager (Male) |
| 5:44 | Build | House |
| 6:17 | Create | Villager (Male) |
| 6:51 | Create | Villager (Male) |
| 6:55 | Create | Villager (Male) |
| 7:27 | Create | Villager (Male) |
| 7:59 | Create | Villager (Male) |
| 8:37 | Create | Villager (Male) |
| 8:39 | Build | Mining Camp |
| 9:20 | Research | Feudal Age |
| 9:20 | Research | Feudal Age |
| 9:21 | Research | Feudal Age |
| 9:44 | Create | Villager (Male) |
| 9:45 | Create | Villager (Male) |
| 9:47 | Build | House |
| 10:44 | Build | Barracks |
| 11:30 | Age | Feudal Age |
| 11:37 | Build | Stable |
| 11:39 | Build | Blacksmith |
| 12:29 | Build | House |
| 12:42 | Research | Castle Age |
| 12:43 | Research | Castle Age |
| 12:43 | Research | Castle Age |
| 12:52 | Build | Mill |
| 13:45 | Build | Dock |
| 13:50 | Research | Double-Bit Axe |
| 13:57 | Build | Farm |
| 13:57 | Build | Farm |
| 13:58 | Build | Farm |
| 14:17 | Build | Stable |
| 14:30 | Build | Farm |
| 14:37 | Create | Fishing Ship |
| 14:43 | Research | Horse Collar |
| 15:18 | Build | Farm |
| 15:22 | Age | Castle Age |
| 15:25 | Create | Knight |
| 15:25 | Create | Knight |
| 15:25 | Create | Knight |
| 15:41 | Research | Loom |
| 15:49 | Create | Fishing Ship |
| 15:50 | Create | Knight |
| 15:50 | Create | Knight |
| 16:28 | Create | Villager (Male) |
| 16:34 | Build | Market |
| 16:38 | Create | Fishing Ship |
| 16:44 | Create | Knight |
| 16:44 | Create | Knight |
| 17:03 | Create | Knight |
| 17:30 | Create | Villager (Male) |
| 17:32 | Build | Farm |
| 17:34 | Build | House |
| 17:35 | Build | House |
| 17:40 | Create | Fishing Ship |
| 17:53 | Research | Scale Barding Armor |
| 18:16 | Create | Villager (Male) |
| 18:29 | Build | Farm |
| 18:31 | Create | Knight |
| 18:38 | Build | Outpost |
| 18:45 | Create | Knight |
| 18:48 | Create | Villager (Male) |
| 18:48 | Create | Villager (Male) |
| 19:07 | Create | Knight |
| 19:08 | Build | Outpost |
| 19:21 | Build | Farm |
| 19:27 | Create | Knight |
| 19:30 | Create | Villager (Male) |
| 19:49 | Create | Villager (Male) |
| 20:01 | Build | Outpost |
| 20:03 | Create | Knight |
| 20:04 | Create | Knight |
| 20:05 | Create | Villager (Male) |
| 20:07 | Build | House |
| 20:31 | Build | House |
| 20:48 | Create | Villager (Male) |
| 20:55 | Build | Siege Workshop |
| 21:01 | Create | Villager (Male) |
| 21:07 | Create | Knight |
| 21:07 | Create | Knight |
Build order — Berbers Burgers
First 150 of 177 actions detected
| 0:04 | Build | House |
| 0:06 | Build | House |
| 0:15 | Research | Loom |
| 0:15 | Research | Loom |
| 1:02 | Create | Villager (Male) |
| 1:02 | Create | Villager (Male) |
| 1:03 | Create | Villager (Male) |
| 1:32 | Build | Palisade Wall |
| 1:56 | Create | Villager (Male) |
| 1:56 | Create | Villager (Male) |
| 2:17 | Create | Villager (Male) |
| 2:17 | Create | Villager (Male) |
| 2:54 | Build | Lumber Camp |
| 2:54 | Create | Villager (Male) |
| 2:54 | Create | Villager (Male) |
| 2:55 | Create | Villager (Male) |
| 3:14 | Create | Villager (Male) |
| 3:49 | Create | Villager (Male) |
| 3:50 | Create | Villager (Male) |
| 3:50 | Create | Villager (Male) |
| 4:11 | Build | Palisade Wall |
| 4:19 | Create | Villager (Male) |
| 4:19 | Create | Villager (Male) |
| 4:19 | Create | Villager (Male) |
| 4:30 | Create | Villager (Male) |
| 4:30 | Create | Villager (Male) |
| 4:30 | Create | Villager (Male) |
| 4:47 | Create | Villager (Male) |
| 4:47 | Create | Villager (Male) |
| 4:47 | Create | Villager (Male) |
| 5:28 | Create | Villager (Male) |
| 5:28 | Create | Villager (Male) |
| 5:29 | Create | Villager (Male) |
| 5:29 | Create | Villager (Male) |
| 5:59 | Create | Villager (Male) |
| 6:17 | Create | Villager (Male) |
| 6:27 | Build | Palisade Wall |
| 6:42 | Create | Villager (Male) |
| 6:53 | Build | House |
| 6:57 | Build | Mill |
| 7:08 | Create | Villager (Male) |
| 7:31 | Create | Villager (Male) |
| 8:18 | Create | Villager (Male) |
| 8:41 | Create | Villager (Male) |
| 8:55 | Create | Villager (Male) |
| 9:07 | Create | Villager (Male) |
| 9:38 | Create | Villager (Male) |
| 9:59 | Build | Mining Camp |
| 10:08 | Research | Feudal Age |
| 10:22 | Create | Villager (Male) |
| 11:12 | Create | Villager (Male) |
| 11:17 | Build | Farm |
| 11:22 | Build | Farm |
| 12:19 | Age | Feudal Age |
| 12:22 | Build | Farm |
| 12:26 | Build | Market |
| 12:30 | Build | Blacksmith |
| 12:38 | Build | House |
| 13:18 | Research | Castle Age |
| 13:18 | Research | Castle Age |
| 13:52 | Build | Stone Wall |
| 13:53 | Build | Stone Wall |
| 14:03 | Build | Mining Camp |
| 14:07 | Create | Villager (Male) |
| 14:15 | Research | Double-Bit Axe |
| 14:15 | Research | Double-Bit Axe |
| 14:42 | Research | Horse Collar |
| 14:42 | Research | Horse Collar |
| 14:42 | Research | Horse Collar |
| 14:58 | Create | Villager (Male) |
| 15:39 | Build | Stone Wall |
| 15:58 | Age | Castle Age |
| 16:05 | Build | Town Center |
| 16:09 | Research | Bow Saw |
| 16:11 | Create | Villager (Male) |
| 16:31 | Build | Town Center |
| 16:34 | Create | Villager (Male) |
| 16:49 | Create | Villager (Male) |
| 17:01 | Create | Villager (Male) |
| 17:23 | Build | Stone Wall |
| 17:29 | Build | Stone Wall |
| 17:30 | Build | Stone Wall |
| 17:31 | Build | Stone Wall |
| 17:32 | Build | Stone Wall |
| 17:33 | Build | Stone Wall |
| 17:35 | Build | Stone Wall |
| 17:36 | Build | Stone Wall |
| 17:37 | Build | Stone Wall |
| 17:37 | Build | Stone Wall |
| 17:38 | Build | Stone Wall |
| 17:41 | Create | Villager (Male) |
| 17:41 | Create | Villager (Male) |
| 17:42 | Create | Villager (Male) |
| 17:42 | Create | Villager (Male) |
| 17:42 | Create | Villager (Male) |
| 17:48 | Create | Villager (Male) |
| 17:48 | Create | Villager (Male) |
| 17:49 | Create | Villager (Male) |
| 18:04 | Build | Farm |
| 18:04 | Build | Farm |
| 18:05 | Build | Farm |
| 18:05 | Build | Farm |
| 18:05 | Build | Farm |
| 18:05 | Build | Farm |
| 18:06 | Build | Farm |
| 18:13 | Create | Villager (Male) |
| 18:13 | Create | Villager (Male) |
| 18:13 | Create | Villager (Male) |
| 18:55 | Create | Villager (Male) |
| 18:55 | Create | Villager (Male) |
| 18:55 | Create | Villager (Male) |
| 19:01 | Build | Farm |
| 19:01 | Build | Farm |
| 19:01 | Build | Farm |
| 19:01 | Build | Farm |
| 19:02 | Build | Farm |
| 19:02 | Build | Farm |
| 19:02 | Build | Farm |
| 19:08 | Create | Villager (Male) |
| 19:08 | Create | Villager (Male) |
| 19:09 | Create | Villager (Male) |
| 19:09 | Create | Villager (Male) |
| 19:17 | Build | Farm |
| 19:18 | Build | Farm |
| 19:18 | Build | Farm |
| 19:18 | Build | Farm |
| 19:18 | Build | Farm |
| 19:19 | Build | Farm |
| 19:22 | Create | Villager (Male) |
| 19:22 | Create | Villager (Male) |
| 19:22 | Create | Villager (Male) |
| 19:26 | Build | Farm |
| 19:43 | Create | Villager (Male) |
| 19:43 | Create | Villager (Male) |
| 19:52 | Create | Villager (Male) |
| 19:52 | Create | Villager (Male) |
| 19:53 | Create | Villager (Male) |
| 19:53 | Create | Villager (Male) |
| 19:58 | Build | Farm |
| 20:05 | Build | Outpost |
| 20:06 | Create | Villager (Male) |
| 20:07 | Create | Villager (Male) |
| 20:07 | Create | Villager (Male) |
| 20:09 | Create | Villager (Male) |
| 20:09 | Create | Villager (Male) |
| 20:12 | Build | Farm |
| 20:18 | Build | Farm |
| 20:20 | Build | Farm |
| 20:22 | Create | Villager (Male) |
| 20:23 | Create | Villager (Male) |
Match timeline
| 1:00 | Violet Ania · wall_segment Palisade Wall x9 |
| 1:08 | Buttspock Official · wall_segment Palisade Wall x6 |
| 1:32 | Berbers Burgers · wall_segment Palisade Wall x13 |
| 1:52 | Violet Ania · wall_segment Palisade Wall x8 |
| 2:07 | Buttspock Official · wall_segment Palisade Wall x5 |
| 2:09 | Buttspock Official · wall_segment Palisade Wall x5 |
| 2:22 | Raymond · wall_segment Palisade Wall x10 |
| 3:22 | Violet Ania · wall_segment Palisade Wall x9 |
| 3:24 | Raymond · wall_segment Palisade Wall x3 |
| 3:27 | Raymond · wall_segment Palisade Wall x5 |
| 4:11 | Berbers Burgers · wall_segment Palisade Wall x10 |
| 4:14 | Prince <3 · first_building Dock |
| 5:16 | Violet Ania · wall_segment Palisade Wall x1 |
| 5:18 | Violet Ania · wall_segment Palisade Wall x5 |
| 6:27 | Berbers Burgers · wall_segment Palisade Wall x1 |
| 8:05 | tftnadi · first_building Barracks |
| 9:15 | tftnadi · age_up feudal |
| 9:24 | tftnadi · first_building Archery Range |
| 10:44 | M57 · first_building Barracks |
| 11:03 | SilkSquid · age_up feudal |
| 11:17 | Violet Ania · age_up feudal |
| 11:27 | Violet Ania · wall_segment Stone Wall x8 |
| 11:30 | M57 · age_up feudal |
| 11:34 | Violet Ania · wall_segment Stone Wall x9 |
| 11:37 | M57 · first_building Stable |
| 11:58 | Prince <3 · first_building Barracks |
| 12:09 | Raymond · age_up feudal |
| 12:16 | Prince <3 · age_up feudal |
| 12:19 | Berbers Burgers · age_up feudal |
| 12:59 | Prince <3 · first_market_sell 100 stone |
| 13:10 | Buttspock Official · age_up feudal |
| 13:17 | Berbers Burgers · first_market_sell 100 food |
| 13:25 | Buttspock Official · wall_segment Stone Wall x4 |
| 13:28 | Buttspock Official · wall_segment Stone Wall x4 |
| 13:42 | Prince <3 · first_building Stable |
| 13:45 | M57 · first_building Dock |
| 13:52 | Berbers Burgers · wall_segment Stone Wall x6 |
| 13:53 | Berbers Burgers · wall_segment Stone Wall x10 |
| 15:08 | Berbers Burgers · first_market_buy 100 wood |
| 15:12 | SilkSquid · wall_segment Palisade Wall x14 |
| 15:13 | SilkSquid · age_up castle |
| 15:22 | M57 · age_up castle |
| 15:39 | Berbers Burgers · wall_segment Stone Wall x9 |
| 15:46 | Prince <3 · age_up castle |
| 15:58 | Berbers Burgers · age_up castle |
| 15:59 | SilkSquid · first_market_buy 100 stone |
| 16:19 | Raymond · age_up castle |
| 16:38 | SilkSquid · wall_segment Stone Wall x12 |
| 16:45 | Violet Ania · first_market_sell 100 stone |
| 16:51 | SilkSquid · first_building Barracks |
| 17:05 | tftnadi · wall_segment Stone Wall x2 |
| 17:16 | Buttspock Official · wall_segment Stone Wall x8 |
| 17:22 | tftnadi · first_building Dock |
| 17:23 | Berbers Burgers · wall_segment Stone Wall x10 |
| 17:29 | Berbers Burgers · wall_segment Stone Wall x1 |
| 17:30 | Berbers Burgers · wall_segment Stone Wall x1 |
| 17:31 | Berbers Burgers · wall_segment Stone Wall x1 |
| 17:32 | Berbers Burgers · wall_segment Stone Wall x1 |
| 17:33 | Berbers Burgers · wall_segment Stone Wall x1 |
| 17:35 | Berbers Burgers · wall_segment Stone Wall x1 |
| 17:36 | Berbers Burgers · wall_segment Stone Wall x1 |
| 17:37 | Berbers Burgers · wall_segment Stone Wall x1 |
| 17:37 | Berbers Burgers · wall_segment Stone Wall x1 |
| 17:38 | Berbers Burgers · wall_segment Stone Wall x1 |
| 17:52 | Raymond · first_market_buy 100 food |
| 18:02 | Buttspock Official · wall_segment Stone Wall x2 |
| 18:23 | Buttspock Official · wall_segment Stone Wall x1 |
| 18:47 | SilkSquid · first_building Stable |
| 18:49 | tftnadi · wall_segment Stone Wall x5 |
| 18:54 | Prince <3 · first_building Monastery |
| 19:08 | Buttspock Official · wall_segment Stone Wall x1 |
| 19:11 | Buttspock Official · wall_segment Stone Wall x1 |
| 19:41 | Violet Ania · age_up castle |
| 19:56 | tftnadi · wall_segment Stone Wall x17 |
| 20:07 | Buttspock Official · wall_segment Stone Wall x6 |
| 20:14 | Buttspock Official · wall_segment Stone Wall x7 |
| 20:15 | tftnadi · wall_segment Stone Wall x9 |
| 20:16 | tftnadi · wall_segment Stone Wall x17 |
| 20:18 | Buttspock Official · wall_segment Stone Wall x6 |
| 20:55 | M57 · first_building Siege Workshop |
| 21:13 | Violet Ania · first_building Siege Workshop |
| 21:17 | Prince <3 · resign |
[ AI ANALYSIS · 1 CREDIT ]
What really happened in this match?
Wolo.gg analyzes every decision: build order, eco, micro, common mistakes by bracket. Personalized analysis on WhatsApp or Discord in 30 seconds.
Civ guide
Cumans
Perfil
Jugador #4535029